 Dungeon Crawl Stone Soup version 0.31.0-1-g2c135a008e (webtiles) character file.

Game seed: 6684823078453899623

108 qw the Shooter (level 5, -3/40 HPs)
             Began as a Djinni Hunter on Jan 23, 2024.
             Slain by a goblin
             ... wielding a +0 dagger
             ... led by Robin
              (5 damage)
             ... on level 2 of the Dungeon.
             The game lasted 00:00:06 (1175 turns).

qw the Shooter (Djinni Hunter)                      Turns: 1175, Time: 00:00:07

Health: -3/40      AC:  5    Str: 10    XL:     5   Next: 12%
Gold:   105        EV: 11    Int: 11    God:
                   SH:  0    Dex: 18

rFire   + + .        a - +0 shortbow
rCold   x . .        (shield currently unavailable)
rNeg    . . .        e - +0 ring mail
rPois   inf          (no helmet)
rElec   .            (no cloak)
rCorr   .            (no gloves)
SInv    .            (boots unavailable)
Will    .....        (no amulet)
Stlth   +            (no ring)
HPRegen 0.26/turn    (no ring)
MPRegen 0.00/turn

%: infuse magic (-4 HP)
@: flying
A: sickness immunity, fire resistance 2, cold vulnerability 1, float, innate
caster, HP casting, extra vitality 1
a: no special abilities


You were on level 2 of the Dungeon.
You visited 1 branch of the dungeon, and saw 2 of its levels.

You collected 105 gold pieces.


Innate Abilities, Weirdness & Mutations

You are immune to sickness and miasma.
You are immune to poison.
Your flesh is very heat resistant. (rF++)
You are vulnerable to cold. (rC-)
You float through the air rather than walking.
You learn spells naturally, not from books.
Your magical power is your life essence.
You have superior vitality. (+4 MHP)


   Skills:
 - Level 3.0 Fighting
 + Level 4.4 Ranged Weapons
 - Level 1.0 Armour
 - Level 2.1 Dodging
 - Level 0.7 Stealth


You knew the following spells:

 Your Spells              Type           Power      Damage    Failure   Level
a - Sting                 Conj/Alch      0%         1d3       65%         1
b - Lesser Beckoning      Tloc           0%         N/A       80%         2
Your spell library was empty.

Inventory:

Hand Weapons
 a - a +0 shortbow (weapon)
Armour
 e - a +0 ring mail (worn)
Scrolls
 c - 2 scrolls of amnesia {unknown}
 g - a scroll of torment {unknown}
 k - a scroll of identify {unknown}
Potions
 b - a potion of enlightenment {unknown}
 d - a potion of curing {unknown}
 f - a potion of mutation {unknown}
 h - a potion of ambrosia {unknown}
 j - a potion of brilliance {unknown}
 l - a potion of haste {unknown}

Dungeon Overview and Level Annotations

Branches:
Dungeon (2/15)

Altars:


Message History

You shoot an arrow. The arrow hits the goblin!
You kill the goblin!
The goblin misses you. The goblin hits you but does no damage.
You shoot an arrow. The arrow hits the goblin.
You kill the goblin!
The goblin hits you with a +0 club. The goblin misses you.
The hobgoblin hits you but does no damage.
You shoot an arrow. The arrow hits the hobgoblin.
The hobgoblin is severely wounded.
The goblin no longer looks unusually strong.
The hobgoblin closely misses you. The goblin closely misses you.
You shoot an arrow. The arrow closely misses the hobgoblin.
The hobgoblin closely misses you. The goblin hits you with a +0 club.
You shoot an arrow. The arrow hits the hobgoblin.
The hobgoblin is almost dead.
Robin says, "We wiped out the hill dwarves - you're next!"
The hobgoblin barely misses you. The goblin barely misses you.
The goblin completely misses you. The hobgoblin hits you.
You shoot an arrow. The arrow hits the hobgoblin.
You kill the hobgoblin!
The goblin closely misses you.
You have reached level 5!
The power to cast Lesser Beckoning wells up from within.
Spell assigned to 'b'.
You shoot an arrow. The arrow hits Robin.
Robin is moderately wounded.
Robin throws the goblin at you! The goblin hits you with a +0 club.
You shoot an arrow. The arrow hits Robin.
Robin is severely wounded.
Robin barely misses you. The goblin hits you with a +0 club.
The goblin hits you but does no damage. The goblin barely misses you.
Robin barely misses you. The goblin misses you.
You shoot an arrow. The arrow hits Robin!
You kill Robin!
The goblin misses you. The goblin hits you but does no damage.
You shoot an arrow. The arrow misses the goblin.
The goblin misses you. The goblin hits you with a +0 dagger.
The goblin hits you with a +0 club. The goblin closely misses you.
The goblin hits you with a +0 dagger.
You die...

+........77.%..... ...
+........77...)... ...#
#~~~~~~~7..7~~~~~~ .....
#~~~~~~~~..~~~~~~~ $.<..
#~~~~~~~~..~~~~~~~
......##~~~~~~~..~~~~~~~
.....!###~~~~~~..~~~~~~#
......gg##~~~~~..~~~~~##
#@###~~~~..~~~~##. #g#
##~~~..~~~###. #.#
####''######. #.#
#......... #.#
##.#...... #.# #.#.###.#
#.# #.#.# #..
#.########.#.# ###
#............#


You could see 3 goblins.

Vanquished Creatures
  Robin (D:2)
  4 gnolls (D:2)
  An adder (D:2)
  A dart slug (D:2)
  A ribbon worm (D:2)
  6 ball pythons
  4 bats
  2 endoplasms
  2 giant cockroaches (D:1)
  8 goblins
  4 hobgoblins (D:2)
  4 jackals (D:1)
  2 kobolds (D:2)
  A quokka (D:1)
  3 rats
44 creatures vanquished.

Notes
Turn   | Place    | Note
-------+----------+-------------------------------------------
     0 | D:1      | qw the Djinni Hunter began the quest for the Orb.
     0 | D:1      | Reached XP level 1. HP: 18/18 MP: 0/0
     0 | D:1      | 0 ||| qw: Version: 0.3-a-135-gb77e89d
     0 | D:1      | 0 ||| qw: Game counter: 866
     0 | D:1      | 0 ||| qw: Melee chars always use a shield: true
     0 | D:1      | 0 ||| qw: God list: Okawaru
     0 | D:1      | 0 ||| qw: Allow faded altars: false
     0 | D:1      | 0 ||| qw: Do Orc after clearing Dungeon:15 true
     0 | D:1      | 0 ||| qw: Do second Lair branch before Depths: true
     0 | D:1      | 0 ||| qw: Lair rune preference: random
     0 | D:1      | 0 ||| qw: Goals: Normal
     0 | D:1      | 0 ||| PLANNING D:1-11
   144 | D:1      | Reached XP level 2. HP: 23/23 MP: 0/0
   311 | D:1      | 311 ||| RETREEEEATING.
   620 | D:1      | 620 ||| UPGRADING to +0 ring mail.
   630 | D:1      | 630 ||| DROPPING +0 leather armour.
   631 | D:1      | 631 ||| READING scroll labelled KAETUGEZEF.
   635 | D:1      | 635 ||| READING scroll labelled LUPODO FIKYVYI.
   636 | D:1      | 636 ||| DRINKING 2 ruby potions.
   637 | D:1      | 637 ||| DROPPING scroll of butterflies.
   652 | D:2      | Reached XP level 3. HP: 28/28 MP: 0/0
   652 | D:2      | Learned a level 1 spell: Sting
   656 | D:2      | 656 ||| RETREEEEATING.
   657 | D:2      | 657 ||| RETREEEEATING.
   658 | D:2      | 658 ||| RETREEEEATING.
   659 | D:2      | 659 ||| RETREEEEATING.
   661 | D:2      | 661 ||| RETREEEEATING.
   665 | D:2      | Reached skill level 4 in Ranged Weapons
   669 | D:2      | Reached skill level 1 in Armour
   672 | D:2      | Reached XP level 4. HP: 16/33 MP: 0/0
   920 | D:2      | Reached skill level 3 in Fighting
  1144 | D:2      | Noticed Robin
  1157 | D:2      | HP: 6/35 [goblin/+0 club[Robin] (5)]
  1158 | D:2      | 1158 ||| DRINKING potion of heal wounds.
  1172 | D:2      | Reached XP level 5. HP: 12/40 MP: 0/0
  1172 | D:2      | Learned a level 2 spell: Lesser Beckoning
  1172 | D:2      | HP: 10/40 [goblin/+0 club[Robin] (1)]
  1174 | D:2      | Killed Robin
  1175 | D:2      | HP: 4/40 [goblin/+0 dagger[Robin] (5)]
  1175 | D:2      | Slain by a goblin

Levels and vault maps discovered:
D:1:      dpeg_arrival_simpleton_c, layout_basic
D:2:      kennysheep_big_flooded_room, layout_basic, uniq_robin

Skill      XL: |  1  2  3  4 |
---------------+-------------+-----
Ranged Weapons | 4 |  4.4
Armour         | 1 |  1.0
Fighting       | 3 |  3.0
Dodging        | |  2.1
Stealth        | |  0.7

Action                     |  1- 3 |  4- 6 || total
---------------------------+-------+-------++-------
   Fire: Shortbow          |    49 |    87 ||   136
    Use: Scroll            |     2 |       ||     2
         Potion            |     1 |     1 ||     2
 Armour: Leather armour    |     8 |       ||     8
         Ring mail         |     8 |    51 ||    59
  Dodge: Dodged            |    15 |    67 ||    82

Table legend:
 A = Non-vault XP
 B = Vault XP
 C = Vault XP percentage of total XP
 D = Non-vault monster count
 E = Vault monster count
 F = Vault count percentage of total count
                 A         B        C        D         E       F
            +---------+---------+-------+---------+---------+-------
      Total |     121 |      34 |  21.9 |      33 |      11 |  25.0
            +---------+---------+-------+---------+---------+-------
        D:1 |      28 |       0 |   0.0 |      16 |       0 |   0.0
        D:2 |      93 |      34 |  26.8 |      17 |      11 |  39.3
            +---------+---------+-------+---------+---------+-------
